 Dungeon Crawl Stone Soup version 0.20-a0-633-gff4aa5c (webtiles) character file.

63 polly the Sneak (level 3, 0/18 HPs)
             Began as a Spriggan Assassin on Feb 12, 2017.
             Slain by an adder (4 damage)
             ... on level 1 of the Dungeon.
             The game lasted 00:03:22 (1995 turns).

polly the Sneak (Spriggan Assassin)                 Turns: 1995, Time: 00:03:23

Health: 0/18       AC:  3    Str:  7    XL:     3   Next: 87%
Magic:  4/4        EV: 17    Int: 12    God:
Gold:   85         SH:  0    Dex: 18    Spells: 2/2 levels left

rFire    . . .     SeeInvis +   a - +2 dagger
rCold    . . .     Gourm    .   c - +0 robe
rNeg     . . .     Faith    .   (shield restricted)
rPois    .         Spirit   .   (helmet restricted)
rElec    .         Reflect  .   d - +0 cloak
rCorr    .         Harm     .   (gloves unavailable)
MR       .....                  (boots unavailable)
Stlth    +++.......             (no amulet)
Regen    0.1/turn               (no ring)
                                m - ring of loudness (curse)

@: very quick
A: unfitting armour, see invisible, herbivore 3, speed 3, slow metabolism 2
a: no special abilities


You were on level 1 of the Dungeon.
You were not hungry.

You visited 1 branch of the dungeon, and saw 2 of its levels.

You collected 85 gold pieces.

Inventory:

Hand Weapons
 a - a +2 dagger (weapon)
 b - a +0 blowgun
Missiles
 f - 2 curare-tipped needles
Armour
 c - a +0 robe (worn)
 d - a +0 cloak (worn)
Jewellery
 j - an uncursed amulet of faith
 m - a cursed ring of loudness (left hand)
Potions
 k - a potion of brilliance
Comestibles
 g - 2 bread rations
 h - a fruit


   Skills:
 + Level 1.9 Fighting
 + Level 2.8 Short Blades
 + Level 2.4 Throwing
 + Level 1.5 Dodging
 + Level 7.2 Stealth


You had 2 spell levels left.
You didn't know any spells.

Dungeon Overview and Level Annotations

Branches:
Dungeon (2/15)

Altars:


Innate Abilities, Weirdness & Mutations

You are very small and have problems with some larger weapons.
You are too small for most types of armour.
You have supernaturally acute eyesight. (SInv)
You are a herbivore.
You cover ground extremely quickly.
You need consume almost no food.


Message History

The adder is lightly wounded.
The adder misses you.
You hit the adder.
The adder is heavily wounded.
The gnoll barely misses you. The adder barely misses you.
You hit the adder.
The adder is heavily wounded.
The adder closely misses you. The gnoll barely misses you.
You hit the adder.
The adder is severely wounded.
The adder barely misses you. The gnoll hits you with a spear.
* * * LOW HITPOINT WARNING * * *
You hit the adder.
The adder is almost dead.
The adder misses you. The gnoll hits you with a spear.
* * * LOW HITPOINT WARNING * * *
You hit the adder but do no damage.
The adder is almost dead.
The adder bites you.
You die...

##..#..##.......## #.......##.##
##...##.♣♣♣♣♣♣##..###............
#...##.........##.........####...
...##...♣♣♣♣♣♣............# #...
..##.........#######......####...
.##.........## ###.....###.#.####
##..........# #.......# ##.#.# #
###.........####g####..# #.#.## #
............##.S@# #..####.#.###
#.......#.#....### #.....####...
####......#..### #.....# #...
########.....# #.....####...
.............# ##.†.........
#########...## ############ #...#
#####...# #......##


You could see a gnoll and an adder.

Vanquished Creatures
  2 gnolls (D:2)
  An ooze (D:1)
  A dart slug (D:1)
  A leopard gecko (D:1)
  5 bats
  A giant cockroach (D:1)
  2 goblins
  2 hobgoblins (D:1)
  2 jackals (D:1)
  10 kobolds
  A quokka (D:2)
  A ball python (D:2)
  2 frilled lizards
  8 rats
39 creatures vanquished.

Notes
Turn   | Place    | Note
-------+----------+-------------------------------------------
     0 | D:1      | polly the Spriggan Assassin began the quest for the Orb.
     0 | D:1      | Reached XP level 1. HP: 10/10 MP: 2/2
    31 | D:1      | Reached skill level 6 in Stealth
    92 | D:1      | Reached XP level 2. HP: 8/14 MP: 3/3
   641 | D:1      | Reached XP level 3. HP: 13/18 MP: 4/4
  1639 | D:2      | Reached skill level 7 in Stealth
  1995 | D:1      | Slain by an adder

Vault maps used:
D:1:      dpeg_chamrin_arrival_tetris, serial_forest, infiniplex_forest_clump_C,
          infiniplex_forest_lined_corner, infiniplex_forest_split,
          infiniplex_forest_pool, infiniplex_forest_clump_small,
          infiniplex_forest_straight_4, infiniplex_forest_straight_2,
          infiniplex_forest_lined_3, infiniplex_forest_end_3, minivault_24
D:2:      grunt_ministairs_6

Skill      XL: |  1  2  3 |
---------------+----------+-----
Stealth        | 6 7 |  7.2
Fighting       | |  1.9
Short Blades   | |  2.8
Throwing       | |  2.4
Dodging        | |  1.5

Action                   || total
-------------------------++-------
Melee: Dagger            ||   128
 Fire: Blowgun           ||     8
  Use: Scroll            ||     3
       Potion            ||     2
 Stab: Sleeping          ||    17
Armor: Robe              ||    13
Dodge: Dodged            ||    96
